 Dungeon Crawl Stone Soup version 0.30-a0-250-g41c1d76940 (webtiles) character file.

Game seed: 7244035026585174454

25 gzilladon the Trooper (level 2, 27/27 HPs)
             Began as a Minotaur Fighter on Oct 12, 2022.
             Was a Follower of Kikubaaqudgha.
             Quit the game on level 2 of the Dungeon.
             The game lasted 00:03:10 (735 turns).

gzilladon the Trooper (Minotaur Fighter)             Turns: 735, Time: 00:03:11

Health: 27/27      AC:  7    Str: 20    XL:     2   Next: 86%
Magic:  1/1        EV:  9    Int:  5    God:    Kikubaaqudgha [*.....]
Gold:   61         SH:  4    Dex:  9    Spells: 1/1 levels left

rFire   . . .      SeeInvis .    a - +0 war axe
rCold   . . .      Faith    .    c - +0 buckler
rNeg    . . .      Spirit   .    b - +0 scale mail
rPois   .          Reflect  .    (helmet restricted)
rElec   .          Harm     .    (no cloak)
rCorr   .          Rampage  .    (no gloves)
Will    .....                    (no boots)
Stlth   ..........               (no amulet)
HPRegen 0.24/turn                (no ring)
MPRegen 0.07/turn                (no ring)

@: no status effects
A: horns 2, retaliatory headbutt
a: Renounce Religion, Unearth Wretches


You were on level 2 of the Dungeon.
You worshipped Kikubaaqudgha.
Kikubaaqudgha was aware of your devotion.
You visited 1 branch of the dungeon, and saw 2 of its levels.

You collected 61 gold pieces.

Inventory:

Hand Weapons
 a - a +0 war axe (weapon)
Missiles
 e - 28 stones (quivered)
Armour
 b - a +0 scale mail (worn)
 c - a +0 buckler (worn)
Jewellery
 h - a ring of poison resistance
 i - an amulet of regeneration
Scrolls
 f - a scroll of poison {unknown}
 g - a scroll of enchant weapon {unknown}
 j - a scroll of identify {unknown}
Potions
 d - a potion of might


   Skills:
 + Level 4.2 Fighting
 * Level 3.2 Axes
 + Level 3.9 Armour
 + Level 3.7 Shields


You had one spell level left.
You didn't know any spells.
Your spell library contained the following spells:

 Spells                   Type           Power      Damage    Failure   Level
 Kiss of Death            Conj/Necr      0%         2d5       89%         1
 Necrotise                Necr           0%         1d4       89%         1
 Sublimation of Blood     Necr           0%         N/A       96%         2
 Vampiric Draining        Necr           0%         2d6       99%         3
 Petrify                  Tmut/Erth      0%         N/A       100%        4
 Metabolic Englaciation   Hex/Ice        0%         N/A       100%        5
 Statue Form              Tmut/Erth      0%         N/A       100%        6


Dungeon Overview and Level Annotations

Branches:
Dungeon (2/15)

Altars:
Kikubaaqudgha


Innate Abilities, Weirdness & Mutations

You have a pair of horns on your head.
You reflexively headbutt those who attack you in melee.


Message History

Found a faded altar of an unknown god.
You hit the worm.
You headbutt the worm, but do no damage.
The worm is moderately wounded.
The worm barely misses you. You furiously retaliate!
You headbutt the worm! You slash the worm!
You kill the worm!
The golden eye turns its gaze towards you.
Found a quarterstaff.
The floating eye turns its gaze towards you.
Found a scroll labelled HOIM NIMAHAJ.
The floating eye pulsates ominously.
There is a faded altar of an unknown god here.
This altar belongs to (a) Ashenzari, (b) Kikubaaqudgha or (c) the Shining One, but you can't tell which.
Press the corresponding letter to learn more about a god, or press enter to convert or escape to cancel.
Kikubaaqudgha accepts your prayer! Kikubaaqudgha welcomes you!
You can now bring forth the wretched and dying.
Kikubaaqudgha grants you a gift!
You add the spells Kiss of Death, Necrotise, Sublimation of Blood and Vampiric Draining to your library.
j - a scroll labelled HOIM NIMAHAJ
Found an escape hatch in the floor.
A ball python comes into view.
The ball python hisses angrily.
You hit the ball python but do no damage.
The ball python completely misses you. The ball python grabs you.
The ball python constricts you. The ball python completely misses you.
The ball python constricts you.
You slash the ball python!
You kill the ball python!
Kikubaaqudgha accepts your kill.
Found a stone staircase leading down.
There is a dry fountain here.
You open the door.
Found a stone staircase leading up.
There is an open door here.
You open the door.
Found a stone staircase leading down.
There is an open door here.
There is a stone staircase leading down here.
Are you sure you want to abandon this character and quit the game? (Confirm with "yes".)

#.#...#...#...#.# #..
#.##.'#...#..##.#####
#..###†....###.......
#...............#####
#.......⌠.......#
#..............##
######.....#####
##.'#...#'.#
#.@.#...#...#
#>.##...##.<#
#####...# ### #####


There were no monsters in sight!

Vanquished Creatures
  A worm (D:2)
  3 endoplasms (D:1)
  A giant cockroach (D:1)
  2 hobgoblins
  5 jackals
  3 ball pythons
  3 bats (D:1)
  A frilled lizard (D:1)
  2 goblins (D:1)
21 creatures vanquished.

Vanquished Creatures (others)
  A fungus (D:1)
1 creature vanquished.

Grand Total: 22 creatures vanquished

Notes
Turn   | Place    | Note
-------+----------+-------------------------------------------
     0 | D:1      | gzilladon the Minotaur Fighter began the quest for the Orb.
     0 | D:1      | Reached XP level 1. HP: 19/19 MP: 0/0
   234 | D:1      | Reached XP level 2. HP: 27/27 MP: 1/1
   414 | D:1      | Reached skill level 4 in Fighting
   643 | D:2      | Found a faded altar of an unknown god.
   646 | D:2      | Noticed a golden eye
   649 | D:2      | Noticed a floating eye
   650 | D:2      | Noticed a floating eye
   650 | D:2      | Noticed a floating eye
   655 | D:2      | Prayed at the altar of an unknown god.
   655 | D:2      | Became a worshipper of Kikubaaqudgha
   655 | D:2      | Reached * piety under Kikubaaqudgha
   655 | D:2      | Received a gift from Kikubaaqudgha
   735 | D:2      | Quit the game

Illustrated notes

Levels and vault maps discovered:
D:1:      wander_arrival_fairy_ring, layout_basic
D:2:      layout_loops_cross, hellmonk_ecumenical_altar_watching_god, hex_large,
          grunt_ministairs_6

Skill      XL: |  1  2 |
---------------+-------+-----
Axes           | 3 |  3.2
Fighting       | 4 |  4.2
Armour         | |  3.9
Shields        | |  3.7

Action                   || total
-------------------------++-------
Melee: War axe           ||    48
       Headbutt          ||     4
Armor: Scale mail        ||    24
Dodge: Dodged            ||    28
Block: Buckler           ||    12

Table legend: (Time is in decaauts)
 A = Elapsed time spent in this place.
 B = Non-inter-level travel time spent in this place.
 C = Inter-level travel time spent in this place.
 D = Time resting spent in this place.
 E = Time spent auto-exploring this place.
 F = Levels seen in this place.
 G = Mean time per level.
                   A        B        C        D        E       F      G
               +--------+--------+--------+--------+--------+-----+--------+
         Total |    754 |    612 |    142 |      0 |      0 |   2 |  377.0 |
       Dungeon |    754 |    612 |    142 |      0 |      0 |   2 |  377.0 |
               +--------+--------+--------+--------+--------+-----+--------+

Top non-repeatable levels by time:
     D:1: 606 daAuts
     D:2: 148 daAuts
